 Dungeon Crawl Stone Soup version 0.27-a0-1189-gb8eb6cee8e (webtiles) character file.

Game seed: 12070096483334779472

248 Gargoyl the Skirmisher (level 6, 0/53 HPs)
             Began as a Gnoll Abyssal Knight on May 23, 2021.
             Was a Believer of Lugonu.
             Slain by a gnoll
             ... wielding a +0 flail
              (9 damage)
             ... on level 4 of the Dungeon.
             The game lasted 00:03:47 (3236 turns).

Gargoyl the Skirmisher (Gnoll Abyssal Knight)       Turns: 3236, Time: 00:03:47

Health: 0/53       AC: 14    Str: 14    XL:     6   Next: 12%
Magic:  9/9        EV:  2    Int: 11    God:    Lugonu [**....]
Gold:   134        SH:  0    Dex: 11    Spells: 8/8 levels left

rFire    . . .     SeeInvis .   a - +1 hand axe
rCold    . . .     Faith    .   d - +0 kite shield
rNeg     . . .     Spirit   .   f - +0 chain mail
rPois    .         Reflect  .   c - +2 helmet
rElec    .         Harm     .   b - +0 cloak
rCorr    .         Rampage  .   (no gloves)
Will     .....                  (no boots)
Stlth    ..........             (no amulet)
HPRegen  0.17/turn              (no ring)
MPRegen  0.11/turn              (no ring)

@: on berserk cooldown, held, slowed, very slow
A: fangs 1, strong nose, distributed training
a: Renounce Religion, Depart the Abyss, Bend Space


You were on level 4 of the Dungeon.
You worshipped Lugonu.
Lugonu was pleased with you.
You visited 1 branch of the dungeon, and saw 4 of its levels.
You visited the Abyss 1 time.

You collected 134 gold pieces.

Inventory:

Hand Weapons
 a - a +1 hand axe (weapon)
 l - a +0 war axe
Armour
 b - a +0 cloak (worn)
 c - a +2 helmet (worn)
 d - a +0 kite shield (worn)
 f - a +0 chain mail (worn)
Scrolls
 o - a scroll of identify
 p - a scroll of teleportation
Potions
 g - a potion of ambrosia
 h - 4 potions of curing {unknown}
 j - a potion of lignification {unknown}
 k - 2 potions of might {unknown}
 m - a potion of attraction {unknown}
 n - 2 potions of heal wounds {unknown}


   Skills:
 + Level 6.8 Fighting
 + Level 1.8 Short Blades
 + Level 1.8 Long Blades
 + Level 4.9 Axes
 + Level 1.8 Maces & Flails
 + Level 1.8 Polearms
 + Level 1.8 Staves
 + Level 1.8 Slings
 + Level 1.8 Bows
 + Level 1.8 Crossbows
 + Level 1.8 Throwing
 + Level 4.9 Armour
 + Level 3.1 Dodging
 + Level 1.8 Stealth
 + Level 1.8 Shields
 + Level 1.8 Unarmed Combat
 + Level 1.8 Spellcasting
 + Level 1.4 Conjurations
 + Level 1.4 Hexes
 + Level 1.4 Summonings
 + Level 1.4 Necromancy
 + Level 1.4 Translocations
 + Level 1.4 Transmutations
 + Level 1.4 Fire Magic
 + Level 1.4 Ice Magic
 + Level 1.4 Air Magic
 + Level 1.4 Earth Magic
 + Level 1.4 Poison Magic
 + Level 5.0 Invocations
 + Level 1.8 Evocations


You had 8 spell levels left.
You didn't know any spells.
Your spell library contained the following spells:

 Spells                   Type           Power      Damage    Failure   Level
 Foxfire                  Conj/Fire      16%        2x1d4     100%        1
 Conjure Flame            Conj/Fire      4%         6-21      100%        3
 Inner Flame              Hex/Fire       4%         N/A       100%        3
 Sticky Flame             Conj/Fire      4%         2d3       100%        4
 Fireball                 Conj/Fire      2%         3d4       100%        5


Dungeon Overview and Level Annotations

Branches:
Dungeon (4/15)
 Temple: D:4-7

Altars:
Vehumet

Shops:
D:1 *


Innate Abilities, Weirdness & Mutations

You have very sharp teeth.
Your uncanny sense of smell can sniff out nearby items.
Your experience applies equally to all skills.


Message History

Menkaure hits you but does no damage. You block the gnoll shaman's attack.
You slash Menkaure!
Menkaure is severely damaged.
You hit the gnoll shaman but do no damage.
You block Menkaure's attack.
You slash Menkaure!
You destroy Menkaure!
Lugonu accepts your kill.
You hit the gnoll shaman. You block the gnoll shaman's attack.
Your Dodging skill increases to level 3!
Your Invocations skill increases to level 5!
You have reached level 6!
Your experience leads to an increase in your attributes!
Increase (S)trength, (I)ntelligence, or (D)exterity?
You feel stronger.
Unknown command.
You slash the gnoll!
You kill the gnoll!
Lugonu accepts your kill.
You closely miss the gnoll shaman. The gnoll shaman completely misses you.
The gnoll throws a throwing net.
The throwing net hits you.
You become entangled in the net!
Unknown command.
You struggle against the net.
The gnoll shaman hits you with a +0 club.
* * * LOW HITPOINT WARNING * * *
Unknown command.
You struggle against the net.
You feel a strong urge to attack something.
The gnoll barely misses you.
Unknown command.
You struggle against the net.
The gnoll shaman hits you with a +0 club.
* * * LOW HITPOINT WARNING * * *
Unknown command.
You struggle against the net.
You feel your anger nearly subside.
You are no longer berserk.
You are exhausted.
You feel yourself slow down. The gnoll hits you with a +0 flail!
You die...

...............
.....##.#######
.... #)..[#
.....##.##.#
...........#
#########..#
#.## #.# #@#
#gg# ∆∆ #gl# ∆∆
#gg. #.#.#
#..(. #..#..
... #..


You could see a gnoll shaman, an iguana and 4 gnolls.

Vanquished Creatures
  Menkaure (D:4)
  Terence (D:3)
  An adder (D:2)
  2 gnolls
  An adder skeleton (D:3)
  2 worms (D:2)
  A dart slug (D:2)
  4 orcs (D:3)
  7 ball pythons
  7 endoplasms
  2 giant cockroaches (D:3)
  4 goblins
  2 hobgoblins
  3 jackals (D:1)
  4 quokkas
  3 bats
  A frilled lizard (D:1)
  12 kobolds
  9 rats
67 creatures vanquished.

Notes
Turn   | Place    | Note
-------+----------+-------------------------------------------
     0 | Abyss:1  | Gargoyl the Gnoll Abyssal Knight began the quest for the
                  | Orb.
     0 | Abyss:1  | Reached XP level 1. HP: 23/23 MP: 3/3
    45 | Abyss:1  | Noticed a stone giant zombie
    57 | Abyss:1  | Noticed a large abomination
    67 | D:1      | Escaped the Abyss
   111 | D:1      | Reached XP level 2. HP: 18/29 MP: 5/5
   113 | D:1      | Reached * piety under Lugonu
   672 | D:1      | Reached XP level 3. HP: 35/35 MP: 6/6
   761 | D:1      | Found Lor Evit's Assorted Antiques.
  1614 | D:2      | Found a faded altar of an unknown god.
  1691 | D:2      | Reached skill level 1 in Short Blades
  1691 | D:2      | Reached skill level 1 in Long Blades
  1691 | D:2      | Reached skill level 1 in Maces & Flails
  1691 | D:2      | Reached skill level 1 in Polearms
  1691 | D:2      | Reached skill level 1 in Staves
  1691 | D:2      | Reached skill level 1 in Slings
  1691 | D:2      | Reached skill level 1 in Bows
  1691 | D:2      | Reached skill level 1 in Crossbows
  1691 | D:2      | Reached skill level 1 in Throwing
  1691 | D:2      | Reached skill level 1 in Stealth
  1691 | D:2      | Reached skill level 1 in Shields
  1691 | D:2      | Reached skill level 1 in Unarmed Combat
  1691 | D:2      | Reached skill level 1 in Spellcasting
  1691 | D:2      | Reached skill level 1 in Evocations
  1691 | D:2      | Reached XP level 4. HP: 4/41 MP: 7/7
  2824 | D:3      | Found a radiant altar of Vehumet.
  2824 | D:3      | Noticed Terence
  2837 | D:3      | Killed Terence
  2838 | D:3      | Reached skill level 1 in Conjurations
  2838 | D:3      | Reached skill level 1 in Hexes
  2838 | D:3      | Reached skill level 1 in Summonings
  2838 | D:3      | Reached skill level 1 in Necromancy
  2838 | D:3      | Reached skill level 1 in Translocations
  2838 | D:3      | Reached skill level 1 in Transmutations
  2838 | D:3      | Reached skill level 1 in Fire Magic
  2838 | D:3      | Reached skill level 1 in Ice Magic
  2838 | D:3      | Reached skill level 1 in Air Magic
  2838 | D:3      | Reached skill level 1 in Earth Magic
  2838 | D:3      | Reached skill level 1 in Poison Magic
  2988 | D:3      | Reached ** piety under Lugonu
  3093 | D:3      | Reached XP level 5. HP: 47/47 MP: 8/8
  3221 | D:4      | Noticed Menkaure
  3231 | D:4      | Killed Menkaure
  3232 | D:4      | Reached skill level 5 in Invocations
  3232 | D:4      | Reached XP level 6. HP: 19/53 MP: 9/9
  3236 | D:4      | Slain by a gnoll

Illustrated notes

Levels and vault maps discovered:
D:1:      psy_arrival_terrarium, layout_basic, serial_shops,
          nicolae_shop_crystal, minmay_misc_feat_doors
D:2:      layout_rooms, hellmonk_ecumenical_altar_lost_god, minmay_octomino_c4
D:3:      layout_rooms, nicolae_vehumet_altar_sigil, minmay_puff, uniq_terence
D:4:      layout_rooms, minivault_5, uniq_pikel, uniq_eustachio, uniq_menkaure

Skill      XL: |  1  2  3  4  5 |
---------------+----------------+-----
Short Blades   | 1 |  1.8
Long Blades    | 1 |  1.8
Maces & Flails | 1 |  1.8
Polearms       | 1 |  1.8
Staves         | 1 |  1.8
Slings         | 1 |  1.8
Bows           | 1 |  1.8
Crossbows      | 1 |  1.8
Throwing       | 1 |  1.8
Stealth        | 1 |  1.8
Shields        | 1 |  1.8
Unarmed Combat | 1 |  1.8
Spellcasting   | 1 |  1.8
Evocations     | 1 |  1.8
Conjurations   | 1 |  1.4
Hexes          | 1 |  1.4
Summonings     | 1 |  1.4
Necromancy     | 1 |  1.4
Translocations | 1 |  1.4
Transmutations | 1 |  1.4
Fire Magic     | 1 |  1.4
Ice Magic      | 1 |  1.4
Air Magic      | 1 |  1.4
Earth Magic    | 1 |  1.4
Poison Magic   | 1 |  1.4
Dodging        | 3 |  3.1
Invocations    | 5 |  5.0
Fighting       | |  6.8
Axes           | |  4.9
Armour         | |  4.9

Action                   |  1- 3 |  4- 6 || total
-------------------------+-------+-------++-------
Melee: Hand axe          |   114 |   101 ||   215
       Bite              |     7 |     8 ||    15
Invok: Depart the Abyss  |     1 |       ||     1
  Use: Scroll            |     2 |     5 ||     7
       Potion            |       |     1 ||     1
Armor: Leather armour    |    20 |       ||    20
       Chain mail        |    49 |    77 ||   126
Dodge: Dodged            |    42 |    21 ||    63
Block: Kite shield       |    44 |    46 ||    90

Table legend: (Time is in decaauts)
 A = Elapsed time spent in this place.
 B = Non-inter-level travel time spent in this place.
 C = Inter-level travel time spent in this place.
 D = Time resting spent in this place.
 E = Time spent auto-exploring this place.
 F = Levels seen in this place.
 G = Mean time per level.
                   A        B        C        D        E       F      G
               +--------+--------+--------+--------+--------+-----+--------+
         Total |   3310 |   3259 |     51 |    538 |   2023 |   5 |  662.0 |
       Dungeon |   3243 |   3192 |     51 |    538 |   2000 |   4 |  810.8 |
         Abyss |     67 |     67 |      0 |      0 |     23 |   1 |   67.0 |
               +--------+--------+--------+--------+--------+-----+--------+

Top non-repeatable levels by time:
     D:2: 1219 daAuts
     D:3: 1014 daAuts
     D:1: 969 daAuts
 Abyss:1: 67 daAuts
     D:4: 40 daAuts
